 Dungeon Crawl Stone Soup version 0.25-a0-578-gc91f01c39c (webtiles) character file.

Game seed: 7535104293541767863, levelgen mode: deterministic

1325 Erk the Skirmisher (level 8, -8/71 HPs)
             Began as a Hill Orc Fighter on Mar 4, 2020.
             Was a Priest of Elyvilon.
             Killed by sonic wave
             ... invoked by a centaur
              (12 damage)
             ... on level 5 of the Dungeon.
             The game lasted 00:17:18 (4213 turns).

Erk the Skirmisher (Hill Orc Fighter)               Turns: 4213, Time: 00:17:18

Health: -8/71      AC:  8    Str: 21    XL:     8   Next: 60%
Magic:  7/10       EV:  8    Int:  8    God:    Elyvilon [***...]
Gold:   274        SH: 10    Dex: 10    Spells: 7/7 levels left

rFire    . . .     SeeInvis .   a - +0 whip (elec)
rCold    . . .     Gourm    .   c - +0 kite shield
rNeg     . . .     Faith    .   m - +0 scale mail
rPois    .         Spirit   .   t - +0 helmet
rElec    .         Reflect  .   z - scarf {repulsion}
rCorr    .         Harm     .   (no gloves)
MR       +....                  (no boots)
Stlth    ..........             (no amulet)
HPRegen  0.21/turn              v - ring of protection from magic
MPRegen  0.12/turn              (no ring)

@: repel missiles
A: no striking features
a: Lesser Healing, Heal Other, Purification, Divine Protection, Renounce
Religion


You were on level 5 of the Dungeon.
You worshipped Elyvilon.
Elyvilon was most pleased with you.
You were not hungry.

You visited 1 branch of the dungeon, and saw 5 of its levels.

You collected 274 gold pieces.

Inventory:

Hand Weapons
 a - a +0 whip of electrocution (weapon)
 b - a +2 hunting sling of freezing
 s - a +0 war axe
 y - a +1 flail of protection
 A - a +3 whip
Missiles
 j - 58 poisoned darts (quivered)
 q - 25 stones
Armour
 c - a +0 kite shield (worn)
 m - a +0 scale mail (worn)
 t - a +0 helmet (worn)
 z - a scarf of repulsion (worn)
Jewellery
 h - an uncursed ring of fire
 v - a ring of protection from magic (left hand)
 E - a +2 ring of strength {unknown}
 F - an uncursed amulet of magic regeneration
Wands
 u - a wand of flame (24)
Scrolls
 k - a scroll of fog {unknown}
 l - 3 scrolls of enchant weapon {unknown}
 n - 2 scrolls of amnesia {unknown}
 o - a scroll of blinking {unknown}
 p - 4 scrolls of identify {unknown}
 r - 2 scrolls of teleportation {unknown}
 w - a scroll of noise {unknown}
 B - a scroll of random uselessness {unknown}
 C - a scroll of magic mapping {unknown}
 D - 2 scrolls of remove curse {unknown}
Potions
 d - a potion of might
 e - a potion of degeneration {unknown}
 g - a potion of stabbing {unknown}
 i - 2 potions of curing {unknown}
 x - 2 potions of heal wounds {unknown}
 G - a potion of brilliance {unknown}
 H - a potion of mutation {unknown}
Comestibles
 f - 6 rations
 I - 10 chunks of flesh


   Skills:
 + Level 6.3 Fighting
 - Level 3.1(4.6) Axes
 + Level 4.3(4.7) Maces & Flails
 + Level 3.7 Throwing
 + Level 5.8 Armour
 + Level 5.9 Shields
 + Level 3.0 Invocations


You had 7 spell levels left.
You didn't know any spells.
Your spell library contained the following spells:

 Spells                   Type           Power        Failure   Level  Hunger
 Cause Fear               Hex            #.........   100%        4    #####..
 Silence                  Hex/Air        #.........   100%        5    ######.
 Yara's Violent Unravell  Hex/Tmut       #.........   100%        5    ######.
 Deflect Missiles         Chrm/Air       #.........   100%        6    #######
 Discord                  Hex            #.........   100%        8    #######


Dungeon Overview and Level Annotations

Branches:
Dungeon (5/15)             Temple (0/1) D:4

Altars:
Dithmenos
Elyvilon
Gozag
Hepliaklqana
Qazlal
Sif Muna
Vehumet
Yredelemnul

Shops:
D:4 :


Message History

There is an open door here.
Really attack the centaur while asking for your life to be spared?
This attack would place you under penance! [Y]es or [N]o only, please.
Really attack the centaur while asking for your life to be spared?
This attack would place you under penance! [Y]es or [N]o only, please.
Really attack the centaur while asking for your life to be spared?
This attack would place you under penance! [Y]es or [N]o only, please.
Really attack the centaur while asking for your life to be spared?
This attack would place you under penance!
Okay, then.
You are healed.
You feel somewhat more hungry.
Your divine protection fades away.
You feel sick.
You are no longer poisoned.
The centaur unwields a +0 shortbow.
The centaur wields the +7 Singing Sword {vorpal, sonic wave}.
The centaur hits you with the +7 Singing Sword {vorpal, sonic wave}!
* * * LOW HITPOINT WARNING * * *
x2 The Singing Sword chants serenely.
The centaur sends a blast of sound all around you!
You die...

.##.....# #.# #...# # .##.....#
#.#######'#### # .###'#+## #..[.#
#.....# #
.###.#.#####.)).###.....#########
.................)'.....'........
.###.#.#####.######.....#########
.# #.#.# #.#...###'#### # .# #.#
# #.#...#....# # .# #.#
#.'..@c....### # .# #.#
###...#......# # .# #.#
#...#......# # .# .. #...#......#
.# #######(...# ##### .# ###s####
#...# .# #..(# #...# .# ##(#.###
#...## .# ####^##...# #.....


You could see a centaur.

Vanquished Creatures
  Grinder (D:3)
  An ice beast (D:5)
  An ogre (D:5)
  2 phantoms (D:5)
  A centaur (D:5)
  3 scorpions
  A howler monkey (D:4)
  2 crimson imps (D:5)
  A hound (D:4)
  2 orc priests
  A gnoll shaman (D:3)
  2 orc wizards
  3 worker ants
  9 gnolls
  2 adders (D:3)
  An adder zombie (D:5)
  An adder skeleton (D:4)
  3 worms
  A dart slug (D:3)
  12 orcs
  8 bats
  A giant cockroach (D:1)
  6 goblins
  3 hobgoblins
  8 jackals
  4 quokkas
  2 frilled lizards (D:1)
  8 kobolds
  A leopard gecko zombie (D:5)
  A quokka skeleton (D:4)
  7 rats
99 creatures vanquished.

Vanquished Creatures (others)
  4 adders (D:5)
  6 bats (D:5)
  13 fungi (D:5)
23 creatures vanquished.

Grand Total: 122 creatures vanquished

Notes
Turn   | Place    | Note
-------+----------+-------------------------------------------
     0 | D:1      | Erk the Hill Orc Fighter began the quest for the Orb.
     0 | D:1      | Reached XP level 1. HP: 19/19 MP: 1/1
    33 | D:1      | Reached XP level 2. HP: 24/27 MP: 2/2
   620 | D:2      | Found a white marble altar of Elyvilon.
   643 | D:2      | Became a worshipper of Elyvilon the Healer
   906 | D:2      | Reached skill level 4 in Fighting
   908 | D:2      | Found a radiant altar of Vehumet.
   911 | D:2      | Reached XP level 3. HP: 33/33 MP: 3/3
   941 | D:2      | Reached skill level 1 in Maces & Flails
   941 | D:2      | Reached XP level 4. HP: 26/40 MP: 4/4
   968 | D:2      | Reached skill level 1 in Throwing
   999 | D:2      | Found an opulent altar of Gozag.
  1026 | D:2      | Reached * piety under Elyvilon
  1680 | D:3      | Reached XP level 5. HP: 35/47 MP: 5/5
  2371 | D:3      | Reached ** piety under Elyvilon
  2387 | D:3      | Noticed Grinder
  2397 | D:3      | Killed Grinder
  2397 | D:3      | Reached skill level 5 in Fighting
  2397 | D:3      | Reached XP level 6. HP: 51/56 MP: 6/6
  2530 | D:3      | Found a stormy altar of Qazlal.
  2665 | D:3      | Found a hazy altar of Hepliaklqana.
  2861 | D:4      | Reached XP level 7. HP: 59/61 MP: 7/7
  2958 | D:4      | Found Raifab's Book Emporium.
  3074 | D:4      | Found a shadowy altar of Dithmenos.
  3263 | D:4      | Reached skill level 5 in Armour
  3263 | D:4      | Reached skill level 5 in Shields
  3268 | D:4      | Found a basalt altar of Yredelemnul.
  3383 | D:4      | Reached *** piety under Elyvilon
  3399 | D:4      | Found a staircase to the Ecumenical Temple.
  3493 | D:5      | Entered Level 5 of the Dungeon
  3614 | D:5      | Reached skill level 1 in Invocations
  3667 | D:5      | Reached XP level 8. HP: 48/70 MP: 7/9
  3845 | D:5      | Reached skill level 6 in Fighting
  4090 | D:5      | Found a shimmering blue altar of Sif Muna.
  4205 | D:5      | HP: 3/71 [poisoned by an adder]
  4213 | D:5      | Killed from afar by a centaur

Levels and vault maps discovered:
D:1:      dpeg_arrival_simpleton_a, layout_basic
D:2:      layout_loops_corners, elyvilon_altar_4, grunt_gozag_breadcrumbs,
          nicolae_overflow_crystal_walls, minmay_misc_feat_hallway,
          st_stairs_12, minmay_misc_feat_rows, solitary_fountain
D:3:      layout_loops_corners, lemuel_doored_altar, overflow_temple_1_default,
          lemuel_old_faithful, uniq_grinder
D:4:      layout_loops_cross, grunt_dithmenos_smoke, lemuel_round_altar,
          minmay_temple_entry_nine_rooms, kennysheep_diamond
D:5:      old_forge, layout_basic, lemuel_blue_sif_altar, first_ration

Skill      XL: |  1  2  3  4  5  6  7  8 |
---------------+-------------------------+-----
Axes           | 3 |  3.1
Fighting       | 4 5 6 |  6.3
Maces & Flails | 1 2 3 4 |  4.3
Throwing       | 1 2 3 |  3.7
Armour         | 4 5 |  5.8
Shields        | 4 5 |  5.9
Invocations    | 1 3 |  3.0

Action                   |  1- 3 |  4- 6 |  7- 9 || total
-------------------------+-------+-------+-------++-------
Melee: War axe           |    65 |       |       ||    65
       Whip              |    19 |   147 |   162 ||   328
Invok: Lesser Healing    |       |       |     4 ||     4
       Divine Protection |       |       |     1 ||     1
  Eat: Chunk             |       |     6 |     2 ||     8
       Ration            |       |       |     1 ||     1
Armor: Scale mail        |    48 |    61 |    53 ||   162
Dodge: Dodged            |    45 |    51 |    53 ||   149
       Deflected         |       |       |     1 ||     1
Block: Kite shield       |    69 |    76 |    83 ||   228

Table legend:
 A = Non-vault XP
 B = Vault XP
 C = Vault XP percentage of total XP
 D = Non-vault monster count
 E = Vault monster count
 F = Vault count percentage of total count
                 A         B        C        D         E       F
            +---------+---------+-------+---------+---------+-------
      Total |    1545 |     348 |  18.4 |      96 |       3 |   3.0
            +---------+---------+-------+---------+---------+-------
        D:1 |      26 |       0 |   0.0 |      18 |       0 |   0.0
        D:2 |      72 |       1 |   1.4 |      12 |       1 |   7.7
        D:3 |     216 |     277 |  56.2 |      29 |       1 |   3.3
        D:4 |     338 |       0 |   0.0 |      16 |       0 |   0.0
        D:5 |     893 |      70 |   7.3 |      21 |       1 |   4.5
            +---------+---------+-------+---------+---------+-------
